SAAA
MEMPHIS REDBIRDS @ HAMILTON COYOTES
05/18/2042
 
TOP OF THE 1ST
Memphis Redbirds batting - Pitching for Hamilton Coyotes : LHP Gerald Emerson
Pitching: LHP Gerald Emerson
Batting: RHB Joël Pesci 0-0: Called Strike
0-1: Foul Ball, location: 2F
0-2: Strikes out looking
Batting: RHB Gonzalo Quintanilla 0-0: SINGLE (Flyball, 7S, EV 83.8 MPH)
Batting: RHB Yong-hong Ren 0-0: Called Strike
0-1: Swinging Strike
0-2: Ball
1-2: Ball
2-2: SINGLE (Line Drive, 9S, EV 114.4 MPH)
Gonzalo Quintanilla to second
Batting: RHB Fraser Childs 0-0: Foul Ball, location: 2F
0-1: Foul Ball, location: 2F
0-2: Fly out, F9 (Flyball, 89M, EV 92.5 MPH)
Batting: LHB Carter Stanley 0-0: Ball
1-0: Ball
2-0: Ball
3-0: Called Strike
3-1: Ground out 4-3 (Groundball, 4, EV 101.9 MPH)
Top of the 1st over - 0 runs, 2 hits, 0 errors, 2 left on base; Memphis 0 - Hamilton 0
BOTTOM OF THE 1ST
Hamilton Coyotes batting - Pitching for Memphis Redbirds : RHP Ainanani Iosepa
Pitching: RHP Ainanani Iosepa
Batting: SHB Júlio Moreno 0-0: Ball
1-0: Foul Ball, location: 2F
1-1: SINGLE (Line Drive, 78S, EV 104.4 MPH)
Batting: RHB Cary Collins 0-0: Called Strike
0-1: Ball
1-1: Ball
2-1: Foul Ball, location: 2F
2-2: Strikes out swinging
Júlio Moreno steals 2nd base
Batter strikes out.
Batting: SHB Alex Warner 0-0: Called Strike
0-1: Called Strike
Júlio Moreno steals 3rd base
0-2: Ball
1-2: Ball
2-2: Fly out, F8 (Flyball, 8RS, EV 86.9 MPH)
Batting: RHB Rey McSriff 0-0: Fly out, F8 (Flyball, 8LD, EV 101.2 MPH)
Bottom of the 1st over - 0 runs, 1 hit, 0 errors, 1 left on base; Memphis 0 - Hamilton 0
TOP OF THE 2ND
Memphis Redbirds batting - Pitching for Hamilton Coyotes : LHP Gerald Emerson
Batting: RHB Chris Carson 0-0: Fly out, F8 (Flyball, 8LS, EV 88.1 MPH)
Batting: RHB Joe Gram 0-0: Foul Ball, location: 2F
0-1: Foul Ball, location: 2F
0-2: Ball
1-2: Fly out, F5 (Popup, 6S, EV 69.4 MPH)
Batting: RHB Bernardo Rodríguez 0-0: Fly out, F7 (Line Drive, 7, EV 102.5 MPH)
Top of the 2nd over - 0 runs, 0 hits, 0 errors, 0 left on base; Memphis 0 - Hamilton 0
BOTTOM OF THE 2ND
Hamilton Coyotes batting - Pitching for Memphis Redbirds : RHP Ainanani Iosepa
Batting: RHB Gary Goodwin 0-0: Called Strike
0-1: Foul Ball, location: 2F
0-2: Ball
1-2: Ball
2-2: Strikes out swinging
Batting: LHB Jason Powell 0-0: Foul Ball, location: 2F
0-1: Foul Ball, location: 2F
0-2: Ball
1-2: Ball
2-2: Strikes out looking
Batting: RHB Rob Shannon 0-0: Called Strike
0-1: Ball
1-1: Foul Ball, location: 2F
1-2: Strikes out looking
Bottom of the 2nd over - 0 runs, 0 hits, 0 errors, 0 left on base; Memphis 0 - Hamilton 0
TOP OF THE 3RD
Memphis Redbirds batting - Pitching for Hamilton Coyotes : LHP Gerald Emerson
Batting: RHB Martin Clayton 0-0: Ball
1-0: Ball
2-0: Ball
3-0: Called Strike
3-1: Called Strike
3-2: Strikes out swinging
Batting: RHB Joël Pesci 0-0: Ball
1-0: Ball
2-0: Ball
3-0: Called Strike
3-1: Fly out, F9 (Line Drive, 9, EV 100.6 MPH)
Batting: RHB Gonzalo Quintanilla 0-0: Called Strike
0-1: Called Strike
0-2: Ball
1-2: Fly out, F7 (Flyball, 78S, EV 94.4 MPH)
Top of the 3rd over - 0 runs, 0 hits, 0 errors, 0 left on base; Memphis 0 - Hamilton 0
BOTTOM OF THE 3RD
Hamilton Coyotes batting - Pitching for Memphis Redbirds : RHP Ainanani Iosepa
Batting: RHB Kazunari Mizuno 0-0: Ground out 4-3 (Groundball, 4MS, EV 65.6 MPH)
Batting: RHB Dylan Oram 0-0: Called Strike
0-1: Ball
1-1: Swinging Strike
1-2: Ground out 6-3 (Groundball, 6, EV 86.2 MPH)
Batting: SHB Júlio Moreno 0-0: Called Strike
0-1: Called Strike
0-2: Ball
1-2: Ball
2-2: Ball
3-2: Strikes out looking
Bottom of the 3rd over - 0 runs, 0 hits, 0 errors, 0 left on base; Memphis 0 - Hamilton 0
TOP OF THE 4TH
Memphis Redbirds batting - Pitching for Hamilton Coyotes : LHP Gerald Emerson
Batting: RHB Yong-hong Ren 0-0: Foul Ball, location: 2F
0-1: Called Strike
0-2: Fly out, F8 (Line Drive, 8RD, EV 95.6 MPH)
Batting: RHB Fraser Childs 0-0: Called Strike
0-1: Ball
1-1: Ball
2-1: Ball
3-1: Swinging Strike
3-2: Strikes out swinging
Batting: LHB Carter Stanley 0-0: Ball
1-0: Fly out, F7 (Line Drive, 7, EV 91.9 MPH)
Top of the 4th over - 0 runs, 0 hits, 0 errors, 0 left on base; Memphis 0 - Hamilton 0
BOTTOM OF THE 4TH
Hamilton Coyotes batting - Pitching for Memphis Redbirds : RHP Ainanani Iosepa
Batting: RHB Cary Collins 0-0: Fly out, F2 (Popup, 23F, EV 88.8 MPH)
Batting: SHB Alex Warner 0-0: Ball
1-0: Ball
2-0: Ground out 4-3 (Groundball, 4D, EV 100.0 MPH)
Batting: RHB Rey McSriff 0-0: Called Strike
0-1: Ball
1-1: Foul Ball, location: 2F
1-2: Strikes out swinging
Bottom of the 4th over - 0 runs, 0 hits, 0 errors, 0 left on base; Memphis 0 - Hamilton 0
TOP OF THE 5TH
Memphis Redbirds batting - Pitching for Hamilton Coyotes : LHP Gerald Emerson
Batting: RHB Chris Carson 0-0: Foul Ball, location: 2F
0-1: Foul Ball, location: 2F
0-2: Foul Ball, location: 2F
0-2: Ball
1-2: Foul Ball, location: 2F
1-2: Ball
2-2: Strikes out looking
Batting: RHB Joe Gram 0-0: Called Strike
0-1: SINGLE (Flyball, 89M, EV 89.4 MPH)
Batting: RHB Bernardo Rodríguez 0-0: Foul Ball, location: 2F
0-1: Ball
1-1: Swinging Strike
1-2: Foul Ball, location: 2F
1-2: Ball
2-2: SINGLE (Groundball, 5S, EV 65.6 MPH) (infield hit)
Joe Gram to second
Batting: RHB Martin Clayton 0-0: Ball
1-0: Ball
2-0: Called Strike
2-1: Fly out, F7 (Line Drive, 7, EV 88.8 MPH)
Batting: RHB Joël Pesci 0-0: Swinging Strike
0-1: Ball
1-1: Ball
2-1: Swinging Strike
2-2: Ball
3-2: Strikes out swinging
Top of the 5th over - 0 runs, 2 hits, 0 errors, 2 left on base; Memphis 0 - Hamilton 0
BOTTOM OF THE 5TH
Hamilton Coyotes batting - Pitching for Memphis Redbirds : RHP Ainanani Iosepa
Batting: RHB Gary Goodwin 0-0: Foul Ball, location: 2F
0-1: Ball
1-1: Ball
2-1: Ball
3-1: Base on Balls
Batting: LHB Jason Powell 0-0: Fly out, F2 (Popup, 25F, EV 78.1 MPH)
Batting: RHB Rob Shannon 0-0: Called Strike
0-1: Called Strike
0-2: Strikes out swinging
Batting: RHB Kazunari Mizuno 0-0: Foul Ball, location: 2F
0-1: Foul Ball, location: 2F
0-2: Ball
1-2: Ball
2-2: Foul Ball, location: 2F
2-2: Ball
3-2: Foul Ball, location: 2F
3-2: SINGLE (Groundball, 4D, EV 100.0 MPH)
Gary Goodwin to second
Gary Goodwin to third
Batting: RHB Dylan Oram 0-0: Called Strike
0-1: Ball
1-1: Ball
2-1: Fielders Choice at 2nd, 6-4 (Groundball, 6, EV 86.9 MPH)
Bottom of the 5th over - 0 runs, 1 hit, 0 errors, 2 left on base; Memphis 0 - Hamilton 0
TOP OF THE 6TH
Memphis Redbirds batting - Pitching for Hamilton Coyotes : LHP Gerald Emerson
Batting: RHB Gonzalo Quintanilla 0-0: Ball
1-0: Called Strike
1-1: Ball
2-1: Called Strike
2-2: Foul Ball, location: 2F
2-2: Fly out, F7 (Line Drive, 7, EV 99.4 MPH)
Batting: RHB Yong-hong Ren 0-0: Called Strike
0-1: Swinging Strike
0-2: Fly out, F8 (Line Drive, 8RM, EV 103.8 MPH)
Batting: RHB Fraser Childs 0-0: Swinging Strike
0-1: Ball
1-1: DOUBLE (Line Drive, 78D, EV 104.4 MPH)
Batting: LHB Carter Stanley 0-0: Ball
1-0: Called Strike
1-1: SINGLE (Flyball, 78S, EV 92.5 MPH)
Fraser Childs to third
Runner from 3rd tries for Home, SAFE, throw by LF to home
Batting: RHB Chris Carson 0-0: Called Strike
0-1: Fielders Choice at 2nd, 5-4 (Groundball, 56, EV 83.8 MPH)
Top of the 6th over - 1 run, 2 hits, 0 errors, 1 left on base; Memphis 1 - Hamilton 0
BOTTOM OF THE 6TH
Hamilton Coyotes batting - Pitching for Memphis Redbirds : RHP Ainanani Iosepa
Batting: SHB Júlio Moreno 0-0: Foul Ball, location: 2F
0-1: Swinging Strike
0-2: Foul Ball, location: 2F
0-2: Ball
1-2: Foul Ball, location: 2F
1-2: Foul Ball, location: 2F
1-2: Strikes out swinging
Batting: RHB Cary Collins 0-0: Ball
1-0: Ball
2-0: Called Strike
2-1: Foul Ball, location: 2F
2-2: DOUBLE (Flyball, 8RXD, EV 107.5 MPH)
Batting: SHB Alex Warner 0-0: Ball
1-0: Called Strike
1-1: Fly out, F8 (Line Drive, 8LD, EV 106.2 MPH)
Batting: RHB Rey McSriff 0-0: Ground out 4-3 (Groundball, 4, EV 88.1 MPH)
Bottom of the 6th over - 0 runs, 1 hit, 0 errors, 1 left on base; Memphis 1 - Hamilton 0
TOP OF THE 7TH
Memphis Redbirds batting - Pitching for Hamilton Coyotes : LHP Gerald Emerson
Batting: RHB Joe Gram 0-0: SINGLE (Line Drive, 4MD, EV 96.2 MPH)
Batting: RHB Bernardo Rodríguez 0-0: Sac Bunt to 13 - play at first, batter OUT! 1-3
Joe Gram to second
Batting: RHB Martin Clayton 0-0: Ball
1-0: Fly out, F8 (Flyball, 8RS, EV 89.4 MPH)
Batting: RHB Joël Pesci 0-0: Intentional Walk
Batting: RHB Gonzalo Quintanilla 0-0: Called Strike
0-1: Foul Ball, location: 2F
0-2: SINGLE (Groundball, 6MS, EV 62.5 MPH) (infield hit)
Joe Gram to third
Joël Pesci to second
Batting: RHB Yong-hong Ren 0-0: Foul Ball, location: 2F
0-1: Ball
1-1: Foul Ball, location: 2F
1-2: Foul Ball, location: 2F
1-2: Ball
2-2: Foul Ball, location: 2F
2-2: DOUBLE (Flyball, 89XD, EV 95.0 MPH)
Joe Gram scores
Joël Pesci scores
Gonzalo Quintanilla to third
Runner from 3rd tries for Home, SAFE, throw by CF to trailing runner, SAFE at third!
Batting: RHB Fraser Childs 0-0: Intentional Walk
Batting: LHB Carter Stanley 0-0: Ball
1-0: Ground out 4-3 (Groundball, 4, EV 82.5 MPH)
Top of the 7th over - 3 runs, 3 hits, 0 errors, 2 left on base; Memphis 4 - Hamilton 0
BOTTOM OF THE 7TH
Hamilton Coyotes batting - Pitching for Memphis Redbirds : RHP Ainanani Iosepa
Batting: RHB Gary Goodwin 0-0: Ball
1-0: Fly out, F8 (Flyball, 89XD, EV 87.5 MPH)
Batting: LHB Jason Powell 0-0: Called Strike
0-1: Swinging Strike
0-2: Strikes out swinging
Batting: RHB Rob Shannon 0-0: Called Strike
0-1: Reached via error on a dropped throw from SS, E3 (Groundball, 6, EV 100.6 MPH)
Batting: RHB Kazunari Mizuno 0-0: Called Strike
Rob Shannon steals 2nd base
0-1: Ball
1-1: Foul Ball, location: 2F
1-2: Strikes out swinging
Bottom of the 7th over - 0 runs, 0 hits, 1 error, 1 left on base; Memphis 4 - Hamilton 0
TOP OF THE 8TH
Memphis Redbirds batting - Pitching for Hamilton Coyotes : LHP Gerald Emerson
Batting: RHB Chris Carson 0-0: Ball
1-0: Foul Ball, location: 2F
1-1: DOUBLE (Line Drive, 5D, EV 96.9 MPH)
Pitching: RHP Hansky Paillant
Batting: RHB Joe Gram 0-0: Foul Ball, location: 2F
0-1: Ball
1-1: Ball
2-1: DOUBLE (Line Drive, 7LM, EV 105.6 MPH)
Chris Carson scores
Batting: RHB Bernardo Rodríguez 0-0: Ball
1-0: Called Strike
1-1: Swinging Strike
1-2: Strikes out swinging
Batting: RHB Martin Clayton 0-0: Ball
1-0: Swinging Strike
1-1: Foul Ball, location: 2F
1-2: Foul Ball, location: 2F
1-2: Ball
2-2: SINGLE (Line Drive, 89S, EV 103.1 MPH)
Joe Gram to third
Batting: RHB Joël Pesci 0-0: Ball
1-0: Ball
2-0: Ball
3-0: Called Strike
3-1: Swinging Strike
3-2: Fly out, F8 (Line Drive, 8LM, EV 93.1 MPH)
Runner from 3rd tags up, SCORES, throw by CF
Batting: RHB Gonzalo Quintanilla 0-0: Called Strike
0-1: Ball
1-1: Ball
2-1: Foul Ball, location: 2F
2-2: Strikes out swinging
Top of the 8th over - 2 runs, 3 hits, 0 errors, 1 left on base; Memphis 6 - Hamilton 0
BOTTOM OF THE 8TH
Hamilton Coyotes batting - Pitching for Memphis Redbirds : RHP Ainanani Iosepa
Pitching: RHP Wilford Barnes
Batting: RHB Dylan Oram 0-0: Called Strike
0-1: Ball
1-1: Ball
2-1: SINGLE (Groundball, 56, EV 103.1 MPH) (infield hit)
Batting: SHB Júlio Moreno 0-0: SINGLE (Groundball, 56D, EV 97.5 MPH)
Dylan Oram to second
Batting: RHB Cary Collins 0-0: Called Strike
0-1: Swinging Strike
0-2: Foul Ball, location: 2F
0-2: Ball
1-2: Ball
2-2: Foul Ball, location: 2F
2-2: Strikes out swinging
Batting: SHB Alex Warner 0-0: Fly out, F7 (Flyball, 78S, EV 73.1 MPH)
Batting: RHB Rey McSriff 0-0: Called Strike
0-1: Fly out, F8 (Line Drive, 8RM, EV 97.5 MPH)
Bottom of the 8th over - 0 runs, 2 hits, 0 errors, 2 left on base; Memphis 6 - Hamilton 0
TOP OF THE 9TH
Memphis Redbirds batting - Pitching for Hamilton Coyotes : RHP Hansky Paillant
Batting: RHB Yong-hong Ren 0-0: Fly out, F9 (Flyball, 89XD, EV 99.4 MPH)
Batting: RHB Fraser Childs 0-0: Ball
1-0: Ball
2-0: Ball
3-0: Called Strike
3-1: Base on Balls
Batting: LHB Carter Stanley 0-0: Grounds into double play, 5-4-3 (Groundball, 5, EV 111.2 MPH)
Top of the 9th over - 0 runs, 0 hits, 0 errors, 0 left on base; Memphis 6 - Hamilton 0
BOTTOM OF THE 9TH
Hamilton Coyotes batting - Pitching for Memphis Redbirds : RHP Wilford Barnes
Batting: RHB Gary Goodwin 0-0: Called Strike
0-1: Ball
1-1: Swinging Strike
1-2: Strikes out swinging
Batting: LHB Jason Powell 0-0: Foul Ball, location: 2F
0-1: Foul Ball, location: 2F
0-2: Ball
1-2: Ball
2-2: Foul Ball, location: 2F
2-2: Ball
3-2: Base on Balls
Batting: RHB Rob Shannon 0-0: Ball
1-0: Called Strike
1-1: Fly out, F9 (Flyball, 9, EV 80.6 MPH)
Batting: RHB Kazunari Mizuno 0-0: Called Strike
0-1: Fielders Choice at 2nd, U6 (Groundball, 6M, EV 88.1 MPH)
Bottom of the 9th over - 0 runs, 0 hits, 0 errors, 1 left on base; Memphis 6 - Hamilton 0
Friday, March 26th, 2021 - OOTP Baseball 20.8 Build 74